Map: Ascension to Aiur LE

Players

sLivko

  • Race: Zerg Zerg
  • League: Grandmaster
  • Spawn Location: 5:00

Nerchio - Winner!

  • Race: Zerg Zerg
  • League: Grandmaster
  • Spawn Location: 11:00

Event: WESG Barcelona European Finals 2017

VOD

Have the link to the VOD?

Description

Time

  • Played on: Nov. 24, 2017, 10:09 a.m.
  • Length: 8:33

All games in this series

Show
View Real Time Build Order
Export as new Build Order

sLivko Zerg 

Build Orders: Hatch First 

Get SALT Encoding   

  12  0:01  Drone  
  13  0:12  Overlord  
  13  0:17  Drone  
  14  0:30  Drone x2  
  14  0:34  Drone  
  17  0:52  Hatchery  
  17  0:54  Drone  
  17  0:57  Drone  
  18  1:08  Extractor  
  17  1:12  Spawning Pool  
  17  1:15  Drone  
  17  1:18  Drone  
  18  1:28  Drone  
  19  1:38  Overlord  
  19  1:49  Drone  
  20  1:58  Queen  
  20  2:00  Drone  
  23  2:03  Zergling x2  
  23  2:04  Queen  
  23  2:07  Metabolic Boost  
  26  2:11  Drone  
  26  2:15  Drone  
  28  2:21  Drone  
  29  2:26  Drone  
  30  2:34  Queen  
  30  2:35  Drone, Baneling Nest  
  32  2:37  Drone  
  32  2:43  Overlord  
  33  2:47  Overlord  
  33  2:53  Zergling x2  
  33  2:57  Zergling x2  
  35  3:05  Zergling x2  
  36  3:15  Drone x2  
  36  3:16  Drone  
  36  3:18  Drone  
  40  3:22  Drone  
  40  3:23  Hatchery  
  40  3:26  Drone  
  40  3:32  Baneling x2  
  39  3:34  Drone x2  
  41  3:43  Drone x2  
  41  3:44  Drone x2  
  41  3:46  Overlord  
  45  3:50  Drone  
  45  3:52  Drone  
  45  3:53  Drone  
  48  4:02  Drone x3  
  50  4:05  Extractor  
  50  4:07  Roach Warren  
  48  4:11  Zergling x4  
  48  4:14  Drone x2  
  52  4:17  Drone x3  
  54  4:24  Zergling x2  
  54  4:25  Zergling x2  
  54  4:26  Zergling x2  
  54  4:30  Baneling x2  
  57  4:32  Zergling x2  
  57  4:36  Zergling x4  
  59  4:41  Zergling x2  
  60  4:47  Zergling x4  
  59  4:54  Zergling x2  
  59  4:55  Zergling x6  
  59  4:56  Zergling x6  
  59  4:57  Zergling x2  
  59  4:58  Roach  
  63  5:03  Queen  
  63  5:06  Roach  
  66  5:07  Overlord  
  66  5:08  Lair, Overlord  
  66  5:11  Evolution Chamber  
  66  5:12  Extractor  
  64  5:29  Drone x12  
  64  5:35  Overlord  
  71  5:43  Drone  
  71  5:44  Drone  
  71  5:45  Drone  
  71  5:52  Drone x2  
  71  5:54  Extractor x2  
  71  5:55  Drone  
  72  6:01  Spine Crawler, Overlord  
  72  6:02  Roach x2  
  72  6:03  Spine Crawler, Roach x3  
  80  6:04  Roach  
  80  6:05  Baneling x2  
  80  6:08  Roach  
  87  6:11  Roach  
  87  6:12  Glial Reconstitution  
  87  6:13  Roach  
  89  6:21  Overlord  
  89  6:24  Roach x3  
  89  6:25  Roach  
  97  6:31  Overlord  
  98  6:33  Overlord x2  
  98  6:37  Overlord  
  99  6:44  Roach  
  99  6:45  Roach x2  
  99  6:46  Overlord x2  
  99  6:47  Overlord x2  
  105  6:51  Overlord  
  105  6:54  Roach  
  105  6:56  Roach  
  105  6:59  Roach  
  111  7:01  Roach x2  
  111  7:02  Roach  
  111  7:07  Roach x2  
  121  7:11  Roach  
  123  7:16  Overlord  
  123  7:17  Roach  
  123  7:18  Roach x3  
  123  7:19  Roach  
  123  7:20  Roach  
  123  7:21  Roach  
  137  7:25  Roach  
  137  7:26  Overseer  
  137  7:29  Roach  
  145  7:30  Roach x2  
  145  7:31  Roach x2  
  145  7:32  Roach  
  151  7:39  Roach  
  151  7:41  Roach  
  155  7:44  Overlord  
  155  7:47  Roach x2  
  155  7:48  Roach  
  161  7:52  Roach x2  
  161  7:53  Ravager x4  
  161  7:56  Roach  
  161  7:57  Overlord  
  171  7:59  Overlord  
  171  8:01  Overlord  
  165  8:10  Roach x3  
  165  8:11  Roach x3  
  160  8:14  Roach x2  
Show
View Real Time Build Order
Export as new Build Order

Nerchio Zerg - Winner!

Build Orders: Hatch First 

Get SALT Encoding   

  12  0:00  Drone  
  13  0:12  Overlord  
  13  0:17  Drone  
  14  0:30  Drone x2  
  14  0:34  Drone  
  17  0:52  Hatchery  
  17  0:55  Drone  
  17  0:59  Drone  
  17  1:01  Extractor  
  17  1:15  Spawning Pool  
  16  1:18  Drone  
  16  1:22  Drone  
  18  1:27  Drone  
  19  1:38  Overlord  
  19  1:49  Drone  
  20  2:01  Queen, Metabolic Boost  
  20  2:04  Queen  
  24  2:08  Zergling x2  
  24  2:11  Zergling x2  
  24  2:14  Zergling x2  
  27  2:18  Drone  
  27  2:21  Drone  
  29  2:26  Drone  
  30  2:32  Drone  
  30  2:36  Drone  
  32  2:47  Hatchery  
  32  2:50  Drone  
  32  2:55  Baneling Nest  
  32  2:57  Drone  
  32  3:02  Overlord  
  32  3:06  Drone  
  32  3:07  Drone  
  32  3:11  Zergling x2  
  35  3:13  Zergling x2  
  36  3:21  Drone x3  
  36  3:22  Drone  
  39  3:27  Drone x2  
  39  3:33  Queen  
  41  3:36  Zergling x2  
  41  3:39  Baneling  
  41  3:40  Baneling  
  42  3:44  Overlord  
  42  3:46  Zergling x4  
  44  3:59  Zergling x12  
  44  4:00  Overlord  
  50  4:03  Baneling x2  
  50  4:05  Drone  
  51  4:10  Drone x2  
  51  4:11  Drone  
  51  4:14  Overlord  
  51  4:15  Drone  
  51  4:16  Drone  
  55  4:18  Drone  
  55  4:21  Drone  
  55  4:23  Evolution Chamber  
  55  4:24  Drone  
  55  4:28  Drone  
  55  4:29  Drone  
  55  4:30  Drone  
  58  4:33  Extractor  
  58  4:38  Roach Warren  
  56  4:41  Drone  
  56  4:42  Drone  
  57  4:50  Zergling x12  
  61  4:53  Drone x2  
  61  4:54  Drone  
  61  4:56  Drone  
  61  4:57  Drone  
  63  5:00  Overlord  
  63  5:04  Zerg Missile Weapons Level 1, Extractor  
  62  5:08  Lair  
  62  5:12  Drone x2  
  62  5:13  Drone  
  65  5:16  Overlord  
  64  5:22  Roach x2  
  64  5:25  Baneling x2, Roach  
  64  5:28  Baneling x2, Roach  
  72  5:30  Roach  
  72  5:33  Roach  
  76  5:39  Roach  
  76  5:41  Roach  
  77  5:44  Roach  
  77  5:48  Drone x7  
  85  5:50  Overlord  
  85  5:54  Drone  
  85  5:55  Drone  
  85  5:56  Extractor  
  86  5:57  Overlord  
  86  5:58  Drone  
  86  5:59  Drone  
  86  6:01  Drone  
  89  6:04  Overlord  
  89  6:06  Overlord  
  89  6:08  Glial Reconstitution  
  88  6:22  Roach x2  
  88  6:23  Roach  
  88  6:25  Roach  
  95  6:27  Roach  
  95  6:28  Hatchery, Roach  
  95  6:31  Roach  
  95  6:32  Roach  
  102  6:35  Roach  
  102  6:37  Roach x2  
  108  6:42  Roach  
  108  6:43  Roach  
  108  6:46  Overlord x2  
  112  6:50  Roach  
  112  6:52  Roach x2  
  118  6:58  Overlord x2  
  118  6:59  Roach  
  120  7:04  Roach x2  
  120  7:06  Roach  
  120  7:07  Roach  
  120  7:08  Roach  
  130  7:09  Roach  
  130  7:14  Roach  
  133  7:16  Roach  
  133  7:18  Roach  
  133  7:20  Roach  
  133  7:22  Roach  
  141  7:24  Roach  
  141  7:28  Overlord  
  143  7:33  Roach x4  
  151  7:38  Overlord x2  
  151  7:43  Drone x2  
  151  7:44  Drone, Extractor  
  154  7:45  Roach  
  154  7:46  Roach, Ravager  
  154  7:49  Roach  
  154  7:50  Roach  
  162  7:52  Roach  
  162  7:56  Roach x2  
  162  7:57  Roach  
  170  8:01  Roach x2  
  170  8:05  Roach  
  170  8:06  Roach  
  170  8:08  Roach  
  170  8:10  Roach  
  166  8:13  Roach  
  166  8:14  Roach  
Tags
 
Add a new tag
Caveats
  • Supply blocks, unpowered buildings, or Contaminate may cause inaccurate times.
  • Supply counts are checked every 10 seconds.